 Dungeon Crawl Stone Soup version 0.29-a0-330-g52719c12eb (webtiles) character file.

Game seed: 2823361294726683534

1730249 Aelig the Rhythm of Life and Death (level 27, 164/164 (169) HPs)
             Began as a Vine Stalker Fighter on May 7, 2022.
             Was a Follower of Uskayaw.
             Escaped with the Orb
             ... and 3 runes on May 8, 2022!
             The game lasted 04:58:04 (64437 turns).

Aelig the Rhythm of Life and Death (VSFi)          Turns: 64437, Time: 04:58:05

HP:   164/164 (169) AC: 40    Str: 26      XL:     27
MP:   37/37         EV: 20    Int:  7 (8)  God:    Uskayaw [*.....]
Gold: 4019          SH: 16    Dex: 27 (28) Spells: 26/26 levels left

rFire   + . .      SeeInvis +   c - +9 quick blade (freeze)
rCold   + + .      Faith    +   N - +0 kite shield {reflect}
rNeg    + . .      Spirit   +   Z - +10 gold dragon scales
rPois   +          Reflect  +   U - +2 helmet {SInv}
rElec   +          Harm     .   E - +0 cloak of Quurripa {Rampage rC+ rN+ Will+}
rCorr   +          Rampage  +   o - +0 pair of gloves {Str+3}
Will    ++++.                   r - +1 pair of boots {Stlth+}
Stlth   +.........              A - amulet "Gewk" {Faith rCorr Dex+4}
HPRegen 1.17/turn               u - ring of the Thirsty Orbs {EV+4 Stlth+}
MPRegen 0.25/turn               S - +4 ring of evasion

@: flying (expiring), lightly drained
A: fangs 3, regeneration 1, magic shield, antimagic bite, no potion heal 2, low
MP 1, electricity resistance, subdued magic 1, MP-powered wands
0: Orb of Zot
}: 3/15 runes: serpentine, barnacled, silver
a: Renounce Religion, Stomp


You escaped.
You worshipped Uskayaw.
Uskayaw was exalted by your worship.
You visited 10 branches of the dungeon, and saw 49 of its levels.
You visited 1 bazaar.
You also visited: Sewer.

You collected 7592 gold pieces.
You spent 3573 gold pieces at shops.

Inventory:

Hand Weapons
 c - a +9 quick blade of freezing (weapon)
 l - a +3 vorpal demon blade
Missiles
 e - 1605 stones (quivered)
 Q - 3 throwing nets
Armour
 o - a +0 pair of gloves of strength (worn)
 r - a +1 pair of boots of stealth (worn)
 z - the +0 pair of boots of Distant Worlds {Harm rElec rF+ Will+}
   (You found it on level 5 of the Vaults)

   rF:        It protects you from fire.
   rElec:     It insulates you from electricity.
   Harm:      It increases damage dealt and taken.
   Will:      It increases your willpower.
 E - the +0 cloak of Quurripa (worn) {Rampage rC+ rN+ Will+}
   (You found it on level 5 of the Dungeon)

   rC:        It protects you from cold.
   rN:        It protects you from negative energy.
   Rampage:   It bestows one free step when moving towards enemies.
   Will:      It increases your willpower.
 N - a +0 kite shield of reflection (worn)
 U - a +2 helmet of see invisible (worn)
 Z - +10 gold dragon scales (worn)
Jewellery
 u - the ring of the Thirsty Orbs (left hand) {EV+4 Stlth+}
   (You found it on level 3 of the Elven Halls)

   [ring of evasion]

   EV:        It affects your evasion (+4).
   Stlth:     It makes you more stealthy.
 v - the ring of Gam Syol {Ice rPois SInv}
   (You took it off Josephina on level 1 of the Realm of Zot)

   [ring of ice]

   It enhances your ice magic.
   rF:        It makes you vulnerable to fire.
   rC:        It protects you from cold.
   rPois:     It protects you from poison.
   SInv:      It lets you see invisible.
 A - the amulet "Gewk" (around neck) {Faith rCorr Dex+4}
   (You found it on level 3 of the Elven Halls)

   [amulet of faith]

   It allows you to gain divine favour quickly.
   Dex:       It affects your dexterity (+4).
   rCorr:     It protects you from acid and corrosion.
 B - the amulet of Caofu {Acrobat rElec rF+ rCorr Dex-5}
   (You acquired it on level 15 of the Dungeon)

   [amulet of the acrobat]

   It increases your evasion while moving and waiting.
   Dex:       It affects your dexterity (-5).
   rF:        It protects you from fire.
   rElec:     It insulates you from electricity.
   rCorr:     It protects you from acid and corrosion.
 H - a ring of ice
 S - a +4 ring of evasion (right hand)
 W - a ring of positive energy
Wands
 D - a wand of digging (10)
Scrolls
 f - 5 scrolls of holy word
 g - 7 scrolls of blinking
 h - 4 scrolls of magic mapping
 i - 6 scrolls of vulnerability
 k - 24 scrolls of teleportation
 n - 10 scrolls of immolation
 t - 8 scrolls of fog
 w - 2 scrolls of torment
 y - 4 scrolls of fear
 C - 8 scrolls of amnesia
 J - 4 scrolls of enchant weapon
 K - a scroll of silence
 V - 5 scrolls of summoning
Potions
 a - 3 potions of magic
 b - 2 potions of resistance
 d - 2 potions of invisibility
 j - 10 potions of lignification
 m - 4 potions of berserk rage
 p - 4 potions of might
 q - 15 potions of attraction
 x - 8 potions of mutation
 F - 9 potions of haste
 G - 5 potions of ambrosia
 L - 5 potions of flight
 M - 13 potions of curing
 O - 4 potions of cancellation
 P - 8 potions of brilliance


   Skills:
 + Level 25.2 Fighting
 - Level 14.0 Short Blades
 - Level 16.0 Armour
 - Level 10.0 Dodging
 - Level 16.0 Stealth
 - Level 14.0 Shields
 O Level 27 Invocations


You had 26 spell levels left.
You didn't know any spells.
Your spell library contained the following spells:

 Spells                   Type           Power      Damage    Failure   Level
 Foxfire                  Conj/Fire      0%         2x1d4     100%        1
 Freeze                   Ice            0%         1d3       100%        1
 Pain                     Necr           0%         1d4       100%        1
 Shock                    Conj/Air       0%         1d3       100%        1
 Sting                    Tmut/Pois      0%         1d3       100%        1
 Summon Small Mammal      Summ           0%         N/A       100%        1
 Blink                    Tloc           0%         N/A       100%        2
 Corpse Rot               Necr/Air       0%         N/A       100%        2
 Ensorcelled Hibernation  Hex/Ice        0%         N/A       100%        2
 Poisonous Vapours        Pois/Air       0%         N/A       100%        2
 Searing Ray              Conj           0%         2d4       100%        2
 Static Discharge         Conj/Air       0%         N/A       100%        2
 Sublimation of Blood     Necr           0%         N/A       100%        2
 Wereblood                Tmut           0%         N/A       100%        2
 Call Canine Familiar     Summ           0%         N/A       100%        3
 Conjure Flame            Conj/Fire      0%         6-21      100%        3
 Dazzling Flash           Conj/Hex       0%         N/A       100%        3
 Frozen Ramparts          Ice            0%         1d2       100%        3
 Gell's Gravitas          Tloc           0%         N/A       100%        3
 Ignite Poison            Fire/Tmut/Pois 0%         N/A       100%        3
 Inner Flame              Hex/Fire       0%         N/A       100%        3
 Lesser Beckoning         Tloc           0%         N/A       100%        3
 Mephitic Cloud           Conj/Pois/Air  0%         N/A       100%        3
 Ozocubu's Armour         Ice            0%         N/A       100%        3
 Spider Form              Tmut/Pois      0%         N/A       100%        3
 Stone Arrow              Conj/Erth      0%         3d7       100%        3
 Summon Guardian Golem    Hex/Summ       0%         N/A       100%        3
 Swiftness                Air            0%         N/A       100%        3
 Teleport Other           Tloc           0%         N/A       100%        3
 Tukima's Dance           Hex            0%         N/A       100%        3
 Airstrike                Air            0%         N/A       100%        4
 Anguish                  Hex/Necr       0%         N/A       100%        4
 Animate Armour           Summ/Erth      0%         N/A       100%        4
 Dispel Undead            Necr           0%         3d6       100%        4
 Flame Wave               Conj/Fire      0%         2d4       100%        4
 Hailstorm                Conj/Ice       0%         3d3       100%        4
 Ice Form                 Ice/Tmut       0%         N/A       100%        4
 Iskenderun's Mystic Bla  Conj/Tloc      0%         2d3       100%        4
 Leda's Liquefaction      Hex/Erth       0%         N/A       100%        4
 Olgreb's Toxic Radiance  Pois           0%         N/A       100%        4
 Passage of Golubria      Tloc           0%         N/A       100%        4
 Petrify                  Tmut/Erth      0%         N/A       100%        4
 Sticky Flame             Conj/Fire      0%         2d3       100%        4
 Alistair's Intoxication  Tmut/Pois      0%         N/A       100%        5
 Blade Hands              Tmut           0%         N/A       100%        5
 Borgnjor's Vile Clutch   Necr/Erth      0%         N/A       100%        5
 Irradiate                Conj/Tmut      0%         3d13      100%        5
 Lee's Rapid Deconstruct  Erth           0%         3d5*      100%        5
 Lightning Bolt           Conj/Air       0%         1d11      100%        5
 Manifold Assault         Tloc           0%         N/A       100%        5
 Metabolic Englaciation   Hex/Ice        0%         N/A       100%        5
 Silence                  Hex/Air        0%         N/A       100%        5
 Summon Forest            Summ/Tloc      0%         N/A       100%        5
 Summon Mana Viper        Hex/Summ       0%         N/A       100%        5
 Yara's Violent Unravell  Hex/Tmut       0%         3d3       100%        5
 Eringya's Noxious Bog    Tmut/Pois      0%         N/A       100%        6
 Iron Shot                Conj/Erth      0%         9d1       100%        6
 Simulacrum               Ice/Necr       0%         N/A       100%        6
 Starburst                Conj/Fire      0%         6d3       100%        6
 Statue Form              Tmut/Erth      0%         N/A       100%        6
 Summon Cactus Giant      Summ           0%         N/A       100%        6
 Enfeeble                 Hex            0%         N/A       100%        7
 Haunt                    Necr/Summ      0%         N/A       100%        7
 Orb of Destruction       Conj           0%         9d5       100%        7
 Ozocubu's Refrigeration  Ice            0%         4d5       100%        7
 Spellforged Servitor     Conj/Summ      0%         N/A       100%        7
 Storm Form               Tmut/Air       0%         N/A       100%        7
 Summon Hydra             Summ           0%         N/A       100%        7
 Ignition                 Fire           0%         3d3       100%        8
 Infestation              Necr           0%         N/A       100%        8
 Lehudib's Crystal Spear  Conj/Erth      0%         10d2      100%        8
 Necromutation            Tmut/Necr      0%         N/A       100%        8


Dungeon Overview and Level Annotations

Branches:
Dungeon (15/15)            Temple (1/1) D:6            Lair (6/6) D:10
 Shoals (4/4) Lair:2        Snake (4/4) Lair:4        Slime (0/5) Lair:5
    Orc (2/2) D:10            Elf (3/3) Orc:2        Vaults (5/5) D:13
  Crypt (0/3) Vaults:3     Depths (4/4) D:15            Zot (5/5) Depths:4
  Sewer (visited)

Altars:
Ashenzari
Cheibriados
Dithmenos
Elyvilon
Fedhas
Gozag
Hepliaklqana
Kikubaaqudgha
Makhleb
Nemelex Xobeh
Okawaru
Qazlal
Ru
Sif Muna
Trog
Uskayaw
Vehumet
Wu Jian
Xom
Yredelemnul
Zin
The Shining One
Beogh
Jiyva

Shops:
D:7 *   Orc:2 **[!   Elf:1 *   Elf:2 [   Shoals:1 ?   Shoals:2 *   Snake:1 !
Vaults:2 =   Vaults:4 [   Vaults:5 ?

Portals:
Hell: Depths:1 Depths:3 Depths:4
Abyss: Snake:1 Depths:3
Pandemonium: Depths:2 Depths:3 Depths:4
Ziggurat: Depths:1

Annotations:
D:5 2 runed translucent doors
D:10 1 runed translucent door, Concombre's ghost, journeyman MiFi
Shoals:3 2 runed translucent doors, anonymous's ghost, adept MiGl
Shoals:4 3 runed translucent doors
Snake:1 2 transporters, Charly's ghost, adept FoAK
Snake:2 1 runed translucent door
Zot:4 6 runed translucent doors


Innate Abilities, Weirdness & Mutations

You have razor-sharp teeth.
Your natural rate of healing is unusually fast.
When hurt, damage is shared between your health and your magic reserves.
Your bite disrupts and absorbs the magic of your enemies.
Potions cannot restore your health.
Your magical capacity is low. (-10% MP)
You are resistant to electric shocks. (rElec)
Your spells are a little easier to cast, but a little less powerful.
You expend magic power (3 MP) to strengthen your wands.


Message History

What level of the Dungeon? (default 1, ? - help)
You see here a +0 trident.
There is an open door here.
There is a stone staircase leading up here.
You climb upwards.
There is a stone staircase leading down here.
There is a stone staircase leading up here.
You climb upwards.
There is a stone staircase leading down here.
A small abomination and an ice devil come into view.
The small abomination moves out of view.
The ice devil moves out of view.
Haih comes into view.
There is a stone staircase leading up here.
You climb upwards.
There is a stone staircase leading down here.
(D) Dungeon (T) Temple (L) Lair (A) Shoals (P) Snake Pit (M) Slime Pits (O) Orcish Mines (E) Elven Halls (V) Vaults (C) Crypt (U) Depths (H) Hell (Z) Zot
Where to? (Enter - D:1, ? - help)
What level of the Dungeon? (default 1, ? - help) You're already here!
A red devil comes into view. It is wielding a +0 trident of venom.
You rampage towards the red devil!
The red devil barely misses you.
You closely miss the red devil. You bite the red devil! You drain its power.
The red devil is moderately wounded.
You hit the red devil. You freeze the red devil.
Your bite misses the red devil.
The red devil is heavily wounded.
You hit the red devil. You freeze the red devil. You bite the red devil!
You kill the red devil!
You feel very buoyant.
You fly up into the air.
An Orb Guardian comes into view.
Careful!
You are starting to lose your buoyancy.
You block the Orb Guardian's attack. x2
There is a staircase leading out of the dungeon here.
The Orb Guardian barely misses you.
You have escaped!

#.≈.≈.≈.≈.≈.≈.≈.≈..# #....
#.≈.≈≈≈.≈.≈.≈≈≈.≈..# #....
#.≈..>..≈.≈..>..≈.## #....
#.≈≈≈.≈≈≈.≈≈≈.≈≈≈.# #....
#...≈)≈.....≈.≈...##########....
#.≈≈≈.≈≈≈≈≈≈≈.≈≈≈.##....)....÷..
#.≈......>......≈.##............
#.≈.≈≈≈≈≈.≈≈≈≈≈X≈..#...)........
#.≈.≈...≈.≈...≈@≈..............#
#.≈≈≈.≈≈≈.≈≈≈.≈≈≈..#############
#...)>≈.....≈>.....#
#.≈≈≈.≈≈≈.≈≈≈.≈≈≈..#
#.≈.≈...≈.≈...≈.≈..#
#.≈.≈≈≈≈≈.≈≈≈≈≈[≈..#
#.......[..........#
#############......# ########


You could see an Orb Guardian.

Vanquished Creatures
  2 dread liches
  2 orbs of fire (Zot:5)
  4 ancient liches
  Josephina (Zot:1)
  13 Killer Klowns
  5 curse toes
  Saint Roka (Vaults:2)
  5 caustic shrikes (Depths:3)
  17 golden dragons
  A Tzitzimitl (Depths:4)
  3 electric golems
  Rupert (D:14)
  13 tentacled monstrosities
  7 liches
  24 Orb Guardians
  5 titans
  9 quicksilver dragons
  2 deep elf blademasters (Elf:3)
  2 walking frostbound tomes (Depths:4)
  5 sphinxes
  Frances (Snake:1)
  An Executioner (Zot:3)
  2 deep elf master archers (Elf:3)
  Kirke (D:12)
  13 shadow dragons
  20 storm dragons
  8 death cobs
  9 tengu reavers
  A kraken (Shoals:2)
  11 draconian monks
  A shadow dragon (shapeshifter) (Depths:1)
  6 fire giants
  2 nagarajas (Snake:4)
  3 iron dragons
  4 orc warlords
  10 draconian scorchers
  20 vault wardens
  13 frost giants
  5 deep elf sorcerers
  3 spectral caustic shrikes (Depths:3)
  9 draconian knights
  11 draconian shifters
  5 ghost moths
  A curse skull (Vaults:3)
  Aizul (Snake:4)
  4 draconian stormcallers
  A deep elf elementalist (Elf:3)
  A balrug (Depths:2)
  35 very ugly things
  17 ironbound preservers
  15 draconian annihilators
  2 war gargoyles (Vaults:3)
  A reaper (Depths:2)
  5 ironbound thunderhulks
  17 stone giants
  24 green draconians
  Nessos (D:12)
  13 black draconians
  11 deep elf demonologists
  A vampire knight (Depths:3)
  14 white draconians
  5 entropy weavers
  22 red draconians
  2 spark wasps
  8 yellow draconians
  11 deep elf annihilators
  12 purple draconians
  30 dire elephants
  Snorg (Orc:1)
  2 fire dragons
  5 deep elf death magi (Elf:3)
  7 ettins
  13 merfolk impalers
  3 merfolk javelineers
  6 deep elf high priests
  30 vault guards
  A great orb of eyes (Vaults:1)
  2 rakshasas
  12 hydras
  11 yaktaur captains
  2 hell beasts
  11 naga warriors
  3 peacekeepers (Vaults:3)
  7 ice dragons
  A spriggan air mage (Depths:1)
  8 anacondas
  2 death knights
  14 centaur warriors
  4 salamander tyrants
  An alligator snapping turtle (Shoals:4)
  4 ogre magi
  4 catoblepae
  2 satyrs (Shoals:2)
  5 boulder beetles
  9 ironbound frosthearts
  A merfolk avatar (Shoals:2)
  3 merfolk aquamancers (Shoals:4)
  29 dancing weapons
  13 two-headed ogres
  3 deep troll earth magi
  4 deep troll shamans
  6 orc high priests
  2 shock serpents
  7 tengu warriors
  13 naga sharpshooters
  A soul eater (Depths:4)
  A sun demon (Zot:2)
  11 hell knights
  5 spriggan berserkers
  A storm dragon zombie (Vaults:4)
  A titan zombie (Vaults:1)
  13 deep elf knights
  2 sixfirhies
  8 sea snakes
  A death drake (Depths:4)
  6 iron trolls
  5 salamander mystics
  A swamp dragon (shapeshifter) (Vaults:5)
  44 deep trolls
  A kraken simulacrum (Shoals:4)
  A skeletal warrior (D:13)
  A flayed ghost (Depths:3)
  6 naga ritualists
  3 glowing orange brains
  16 ironbound convokers
  A shadow demon (D:14)
  10 deep elf archers
  8 wizards
  26 harpies
  5 phantasmal warriors
  Pikel (D:8)
  6 orc knights
  8 necromancers
  18 deep elf zephyrmancers
  7 lindwurms
  6 orc sorcerers
  5 mana vipers
  A fire giant zombie (Vaults:4)
  11 fauns
  39 deep elf pyromancers
  58 ugly things
  9 cyclopes
  13 manticores
  A stone giant zombie (Vaults:1)
  17 salamanders
  9 merfolk sirens
  5 elephants (Lair:6)
  23 moths of wrath
  24 black mambas
  2 centaur zombies (D:15)
  Maurice (Orc:2)
  4 guardian serpents
  Joseph (D:8)
  10 water nymphs
  2 rust devils (Depths:4)
  19 naga magi
  An eye of devastation (shapeshifter) (Depths:4)
  19 cane toads
  An elf zombie (Vaults:1)
  A stone giant skeleton (Vaults:1)
  5 gargoyles
  10 vault sentinels
  A smoke demon (Depths:2)
  The ghost of Samael12321 the Fighter, an amateur OgBe of Trog (D:4)
  3 centaur skeletons
  Maggie (Lair:1)
  24 yaktaurs
  4 kobold demonologists
  5 freezing wraiths
  2 yaktaur zombies
  An ice devil (Depths:4)
  2 unseen horrors
  A tormentor (D:11)
  4 red devils
  A ghost moth simulacrum (Zot:1)
  5 guardian mummies (Zot:4)
  A hellwing (Depths:2)
  An efreet (D:13)
  14 komodo dragons
  4 tengu conjurers
  5 wind drakes
  5 trolls
  A meliai (shapeshifter) (Vaults:3)
  35 merfolk
  A polar bear (shapeshifter) (D:14)
  2 shadow dragon simulacra
  4 meliai
  5 hornets
  23 slime creatures
  A tengu simulacrum (Vaults:4)
  6 polar bears (Lair:6)
  11 snapping turtles
  3 blink frogs (Lair:6)
  A snapping turtle (shapeshifter) (Vaults:1)
  A draconian simulacrum (Zot:1)
  16 dream sheep
  Sigmund (D:4)
  A culicivora (shapeshifter) (Depths:3)
  2 jumping spiders
  2 air elementals (Elf:1)
  A large abomination (Zot:3)
  2 wraiths
  16 spriggans
  A shadow (D:8)
  14 water elementals
  A vampire (D:10)
  12 wyverns
  A ynoxinul (Depths:2)
  4 hogs (D:12)
  A basilisk (shapeshifter) (D:12)
  4 fire elementals
  46 yaks
  4 chaos spawn
  6 redbacks
  10 basilisks
  2 neqoxecs (Depths:4)
  2 steam dragons (D:7)
  A red draconian simulacrum (Zot:1)
  Menkaure (D:5)
  A harpy simulacrum (D:13)
  10 vampire mosquitoes
  9 wargs
  An acid dragon (D:7)
  45 nagas
  14 water moccasins
  A meliai simulacrum (D:14)
  Pargi (Sewer)
  An ice beast (shapeshifter) (D:13)
  4 black bears
  A black bear (shapeshifter) (D:13)
  47 orc warriors
  2 ice beasts (D:6)
  3 sky beasts
  15 ogres
  7 boggarts
  27 wolves
  14 centaurs
  3 lemures (D:8)
  2 kobold brigands
  A phantom (D:5)
  Blork the orc (D:5)
  10 earth elementals
  4 scorpions
  3 gnoll sergeants
  6 bullfrogs
  A necrophage (D:4)
  9 wights
  17 killer bees
  2 electric eels (Lair:4)
  4 hounds
  A bullfrog skeleton (D:4)
  2 jellies
  A gnoll shaman (D:8)
  32 orc priests
  Jessica (D:3)
  14 iguanas
  Natasha (thrice) (D:2)
  26 orc wizards
  Robin (D:2)
  6 adders
  20 gnolls
  3 worms
  4 dart slugs (D:1)
  129 orcs
  8 ball pythons
  9 endoplasms
  2 giant cockroaches
  17 goblins
  4 hobgoblins
  6 jackals
  25 kobolds
  4 quokkas
  9 bats
  4 frilled lizards
  4 rats
  2 butterflies (Zot:4)
  4 tentacles
2238 creatures vanquished.

Vanquished Creatures (others)
  A merfolk aquamancer (Shoals:1)
  2 manticores
  A black mamba (Snake:4)
  An orc priest (Orc:2)
  17 fungi
  97 plants
  20 tentacles
139 creatures vanquished.

Grand Total: 2377 creatures vanquished

Notes
Turn   | Place    | Note
-------+----------+-------------------------------------------
     0 | D:1      | Aelig the Vine Stalker Fighter began the quest for the Orb.
     0 | D:1      | Reached XP level 1. HP: 11/11 MP: 2/2
   138 | D:1      | Reached XP level 2. HP: 8/16 MP: 3/3
   430 | D:1      | Reached XP level 3. HP: 19/19 MP: 4/4
   791 | D:2      | Noticed Natasha
   804 | D:2      | Killed Natasha
   805 | D:2      | Gained mutation: Your natural rate of healing is unusually
                  | fast. [Vine Stalker growth]
   805 | D:2      | Reached XP level 4. HP: 15/23 MP: 3/5
   882 | D:2      | Noticed Natasha
   891 | D:2      | Killed Natasha
  1006 | D:2      | Noticed Robin
  1057 | D:2      | Killed Robin
  1058 | D:2      | Reached XP level 5. HP: 27/27 MP: 6/6
  1214 | D:2      | Found a faded altar of an unknown god.
  1259 | D:2      | Noticed Natasha
  1260 | D:2      | Found a stormy altar of Qazlal.
  1281 | D:2      | Killed Natasha
  1282 | D:2      | Reached skill level 5 in Short Blades
  1364 | D:2      | Identified the ring "Webluoko" {rPois rF- Will+ Str+4
                  | Dex+3}
  1708 | D:3      | Noticed Jessica
  1717 | D:3      | Killed Jessica
  1805 | D:3      | Reached XP level 6. HP: 19/32 MP: 2/7
  2468 | D:4      | Noticed Sigmund
  2513 | D:4      | Killed Sigmund
  2514 | D:4      | Reached XP level 7. HP: 35/35 MP: 4/8
  2725 | D:4      | Found a shadowy altar of Dithmenos.
  2917 | D:4      | Found a transporter.
  2919 | D:4      | Noticed Samael12321's ghost (amateur OgBe)
  2920 | D:4      | Found a transporter.
  3299 | D:5      | Entered Level 5 of the Dungeon
  3313 | D:5      | Found a runed translucent door.
  3319 | D:5      | Found a runed translucent door.
  3422 | D:5      | Gained mutation: You have razor-sharp teeth. [Vine Stalker
                  | growth]
  3422 | D:5      | Reached XP level 8. HP: 32/39 MP: 4/9
  3505 | D:5      | Noticed Menkaure
  3517 | D:5      | Killed Menkaure
  3624 | D:5      | Noticed Blork the orc
  3648 | D:5      | Killed Blork the orc
  3678 | D:5      | Identified the +0 cloak of Quurripa {Rampage rC+ rN+ Will+}
  3759 | D:5      | Found a hazy altar of Hepliaklqana.
  3820 | D:5      | Reached skill level 10 in Short Blades
  3929 | D:5      | Found a sparkling altar of Nemelex Xobeh.
  3948 | D:5      | Reached XP level 9. HP: 43/43 MP: 10/10
  4538 | D:6      | Found a glowing drain.
  4549 | Sewer    | Entered a sewer
  4578 | Sewer    | Noticed Pargi
  4593 | Sewer    | Killed Pargi
  4972 | D:6      | Found a staircase to the Ecumenical Temple.
  4981 | Temple   | Entered the Ecumenical Temple
  4996 | Temple   | Became a worshipper of Uskayaw the Reveller
  5046 | D:6      | Reached * piety under Uskayaw
  5049 | D:6      | Reached ** piety under Uskayaw
  5050 | D:6      | Reached skill level 1 in Invocations
  5486 | D:7      | Reached *** piety under Uskayaw
  5488 | D:7      | Reached skill level 2 in Invocations
  5488 | D:7      | Reached **** piety under Uskayaw
  5493 | D:7      | Reached ***** piety under Uskayaw
  5568 | D:7      | Reached XP level 10. HP: 45/49 MP: 13/13
  5667 | D:7      | Reached skill level 3 in Invocations
  5673 | D:7      | Identified the +1 ring mail of the Fife {Rampage Fly}
  5995 | D:7      | Found Geitet's Overcharged Wands.
  6019 | D:7      | Reached skill level 4 in Invocations
  6116 | D:7      | Found a stormy altar of Qazlal.
  6300 | D:8      | Noticed a two-headed ogre
  6310 | D:8      | Killed a two-headed ogre
  6311 | D:8      | Reached skill level 5 in Invocations
  6393 | D:8      | Found a blossoming altar of Fedhas.
  6479 | D:8      | Noticed Joseph
  6499 | D:8      | Killed Joseph
  6500 | D:8      | Reached skill level 6 in Invocations
  6543 | D:8      | Found a radiant altar of Vehumet.
  6624 | D:8      | Reached skill level 5 in Fighting
  6714 | D:8      | Found a burning altar of Makhleb.
  6889 | D:8      | Noticed Pikel
  6922 | D:8      | Reached skill level 5 in Shields
  6941 | D:8      | Killed Pikel
  7041 | D:9      | Reached skill level 7 in Invocations
  7042 | D:9      | Reached XP level 11. HP: 56/56 MP: 17/17
  7080 | D:9      | Reached ****** piety under Uskayaw
  7265 | D:9      | Reached skill level 8 in Invocations
  7695 | D:9      | Found an ornate altar of the Wu Jian Council.
  7802 | D:10     | Entered Level 10 of the Dungeon
  7914 | D:10     | Reached skill level 9 in Invocations
  7932 | D:10     | Found a staircase to the Lair.
  8025 | D:10     | Found a runed translucent door.
  8027 | D:10     | Noticed Concombre's ghost (journeyman MiFi)
  8106 | D:10     | Found a white marble altar of Elyvilon.
  8161 | D:10     | Reached skill level 10 in Invocations
  8359 | D:10     | Found a staircase to the Orcish Mines.
  8953 | Lair:1   | Entered Level 1 of the Lair of Beasts
  9078 | Lair:1   | Noticed a six-headed hydra
  9083 | Lair:1   | Reached skill level 11 in Invocations
  9132 | Lair:1   | Killed a six-headed hydra
  9345 | Lair:1   | Reached XP level 12. HP: 45/61 MP: 12/21
  9398 | Lair:1   | Noticed Maggie
  9439 | Lair:1   | Killed Maggie
  9491 | Lair:1   | Reached skill level 12 in Invocations
  9523 | Lair:1   | HP: 2/61 [komodo dragon (19)]
  9933 | Lair:1   | Noticed a seven-headed hydra
  9958 | Lair:1   | Reached skill level 13 in Invocations
  9968 | Lair:1   | Killed a seven-headed hydra
 10737 | Lair:2   | Found a staircase to the Shoals.
 10748 | Lair:2   | Reached skill level 14 in Invocations
 10806 | Lair:2   | Found an ornate altar of the Wu Jian Council.
 11102 | Lair:2   | Got Sif Muna's Tome of Captivating Evil Rites
 11979 | Lair:3   | Noticed a boulder beetle
 11992 | Lair:3   | Reached skill level 15 in Invocations
 12013 | Lair:3   | Killed a boulder beetle
 12300 | Lair:3   | Reached XP level 13. HP: 61/65 MP: 22/25
 12791 | Lair:4   | Reached skill level 16 in Invocations
 12929 | Lair:4   | Identified the +7 morningstar of Cataclysm {flame, Dex+4}
 13435 | Lair:4   | Found a staircase to the Snake Pit.
 14226 | Lair:5   | Found a viscous altar of Jiyva.
 14227 | Lair:5   | Found a staircase to the Slime Pits.
 14444 | Lair:6   | Entered Level 6 of the Lair of Beasts
 14577 | Orc:1    | Entered Level 1 of the Orcish Mines
 14676 | Orc:1    | Gained mutation: You have hidden genetic defects. [a
                  | neqoxec]
 14715 | Orc:1    | Noticed an orc warlord
 14773 | D:10     | Reached skill level 5 in Armour
 14952 | D:11     | Reached skill level 1 in Stealth
 15200 | D:11     | Gained mutation: You are dopey. (Int -2) [hidden defects]
 15921 | D:12     | Identified the +8 chain mail "Suonwix" {Rampage rN+ SInv}
 16013 | D:12     | Reached XP level 14. HP: 54/74 MP: 20/27
 16066 | D:12     | Noticed Nessos
 16095 | D:12     | Killed Nessos
 16374 | D:12     | Gained mutation: You are very dopey. (Int -4) [hidden
                  | defects]
 16374 | D:12     | Lost mutation: You have hidden genetic defects. [hidden
                  | defects expressed]
 16546 | D:10     | Killed an orc warlord
 16547 | D:10     | Reached skill level 5 in Stealth
 16759 | Orc:1    | Noticed Snorg
 16783 | Orc:1    | Killed Snorg
 16851 | Orc:1    | Noticed an orc warlord
 16889 | Orc:1    | Killed an orc warlord
 17123 | Orc:2    | Entered Level 2 of the Orcish Mines
 17350 | Orc:2    | Noticed Maurice
 17365 | Orc:2    | Killed Maurice
 17945 | Orc:2    | Found Pifen's Distillery.
 17975 | Orc:2    | Found Ingela's Armour Shop.
 17997 | Orc:2    | Bought a +1 helmet of see invisible for 247 gold pieces
 18019 | Orc:2    | Noticed an orc warlord
 18045 | Orc:2    | Killed an orc warlord
 18535 | Orc:2    | Reached skill level 10 in Fighting
 18614 | Orc:2    | Found a staircase to the Elven Halls.
 18888 | Orc:2    | Noticed an orc warlord
 18923 | Orc:2    | Killed an orc warlord
 18966 | Orc:2    | Found Atuyz's General Store.
 18979 | Orc:2    | Bought a potion of curing for 42 gold pieces
 19018 | Orc:2    | Found Edeamowi's General Store.
 19038 | Orc:2    | Bought a potion of curing for 48 gold pieces
 19038 | Orc:2    | Bought a potion of curing for 48 gold pieces
 19844 | Lair:6   | Reached XP level 15. HP: 81/81 MP: 28/28
 20193 | Lair:6   | Reached skill level 10 in Stealth
 21355 | D:12     | Noticed Kirke
 21370 | D:12     | Killed Kirke
 21714 | D:13     | Found a bloodstained altar of Trog.
 21999 | D:13     | Found an ornate altar of the Wu Jian Council.
 22289 | D:13     | Found a gate to the Vaults.
 22305 | D:13     | Reached skill level 17 in Invocations
 22305 | D:13     | Reached XP level 16. HP: 75/88 MP: 29/29
 22904 | D:14     | Noticed Rupert
 22923 | D:14     | Killed Rupert
 23406 | D:14     | Reached skill level 18 in Invocations
 23826 | D:15     | Entered Level 15 of the Dungeon
 23873 | D:15     | Found a flickering gateway to a bazaar.
 23886 | Bazaar   | Entered a bazaar
 23904 | Bazaar   | Found Nexoeps's Antique Armour Shoppe.
 23904 | Bazaar   | Found Mel Ytethiv's Armour Emporium.
 23926 | Bazaar   | Found Qaukuat's Antique Weapon Shoppe.
 23926 | Bazaar   | Found Gityusku's Magic Scroll Emporium.
 23948 | Bazaar   | Found Bulu's Antique Armour Shoppe.
 23948 | Bazaar   | Found Nasheher's Assorted Antiques.
 23997 | Bazaar   | Bought a scroll of blinking for 90 gold pieces
 23997 | Bazaar   | Bought 2 scrolls of acquirement for 1248 gold pieces
 24032 | Bazaar   | Bought a scroll of blinking for 210 gold pieces
 24032 | Bazaar   | Bought a scroll of teleportation for 84 gold pieces
 24059 | Bazaar   | Bought a scroll of fog for 24 gold pieces
 24059 | Bazaar   | Bought a scroll of enchant armour for 90 gold pieces
 24059 | Bazaar   | Bought a scroll of magic mapping for 42 gold pieces
 24059 | Bazaar   | Bought a scroll of magic mapping for 42 gold pieces
 24090 | D:15     | Acquired a manual of Shields
 24092 | D:15     | Acquired the amulet of Caofu {Acrobat rElec rF+ rCorr
                  | Dex-5}
 24455 | D:15     | Reached skill level 19 in Invocations
 24591 | D:15     | Found a staircase to the Depths.
 25240 | Snake:1  | Entered Level 1 of the Snake Pit
 25347 | Snake:1  | Noticed Frances
 25675 | Snake:1  | Killed Frances
 25752 | Snake:1  | Noticed a tentacled starspawn
 25968 | Snake:1  | Found a transporter.
 25975 | Snake:1  | Found a transporter.
 26051 | Snake:1  | Noticed a Hell Sentinel
 26051 | Snake:1  | Found the +8 demon trident "Rift" {distort, reach+}
 26052 | Snake:1  | Noticed Charly's ghost (adept FoAK)
 26054 | Snake:1  | Noticed a nagaraja
 26302 | Snake:1  | Found Myonk's Distillery.
 26316 | Snake:1  | Bought a potion of haste for 120 gold pieces
 26316 | Snake:1  | Bought a potion of haste for 120 gold pieces
 26728 | Snake:2  | Reached XP level 17. HP: 62/93 MP: 25/31
 27181 | Snake:2  | Found a runed translucent door.
 27657 | Snake:3  | Reached skill level 20 in Invocations
 27767 | Snake:1  | Found a one-way gate to the infinite horrors of the Abyss.
 28780 | Snake:4  | Entered Level 4 of the Snake Pit
 28952 | Snake:4  | Noticed Aizul
 28972 | Snake:4  | Killed Aizul
 29794 | Snake:4  | Reached skill level 10 in Shields
 30395 | Snake:4  | Got a serpentine rune of Zot
 30819 | Elf:1    | Entered Level 1 of the Elven Halls
 30832 | Elf:1    | Reached XP level 18. HP: 95/98 MP: 33/33
 31230 | Elf:1    | Found Uptais's General Store.
 32011 | Elf:1    | Noticed a Brimstone Fiend
 32400 | Elf:2    | Reached skill level 10 in Armour
 32510 | Elf:2    | Found Isaiclej's Armour Boutique.
 32702 | Elf:2    | Found a huge runed translucent gate.
 32702 | Elf:2    | Found a huge runed translucent gate.
 32702 | Elf:2    | Found a huge runed translucent gate.
 32703 | Elf:2    | Found a huge runed translucent gate.
 32705 | Elf:2    | Found a huge runed translucent gate.
 33864 | Elf:2    | Noticed a deep elf blademaster
 33990 | Elf:3    | Entered Level 3 of the Elven Halls
 34533 | Elf:3    | Reached XP level 19. HP: 102/102 MP: 34/34
 35014 | Elf:3    | Noticed a Tzitzimitl
 35032 | Elf:3    | Identified the +9 dagger of the Bespelling Gods {venom,
                  | *Noise rPois rN++ Dex+3}
 35043 | Elf:3    | Noticed an Ice Fiend
 35076 | Elf:3    | Noticed an Ice Fiend
 35106 | Elf:3    | Noticed an Ice Fiend
 35435 | Elf:3    | Identified the ring "Jyrrunko" {rC+ rCorr Str+10 Dex-5}
 35437 | Elf:3    | Identified the +8 quarterstaff of Youthful Indiscretion
                  | {freeze, rElec rF+++ rN+ Int-2}
 35602 | Elf:3    | Identified the ring "Xipam" {Wiz *Slow Dex+6}
 35791 | Elf:3    | Identified the amulet of Eraq Ushyo {Faith Regen+ Str-2
                  | Int-2 Dex+8}
 35832 | Elf:3    | Identified the +8 longbow of Judgement {freeze, rC++ rCorr
                  | Str+6}
 35849 | Elf:3    | Got Eringya's Handbook of Mutagenic Toxins
 35850 | Elf:3    | Identified the ring of the Thirsty Orbs {EV+4 Stlth+}
 35853 | Elf:3    | Identified the +3 plate armour of the Garden {rC+}
 35862 | Elf:3    | Identified the amulet "Gewk" {Faith rCorr Dex+4}
 35874 | Elf:3    | Identified the +10 flail "Joluxt" {vamp, rF- rCorr Int+7}
 35923 | Elf:3    | Identified the +6 short sword of Rotation {spect, Contam
                  | Will+ Int+4}
 36155 | Shoals:1 | Entered Level 1 of the Shoals
 37229 | Shoals:2 | Found Iwkeqo's Mayhem Merchandise.
 37953 | Shoals:1 | Found Gaefut's Magic Scroll Shoppe.
 37967 | Shoals:1 | Bought a scroll of acquirement for 676 gold pieces
 37967 | Shoals:1 | Bought a scroll of teleportation for 39 gold pieces
 37967 | Shoals:1 | Bought a scroll of teleportation for 39 gold pieces
 37967 | Shoals:1 | Bought a scroll of teleportation for 39 gold pieces
 37989 | Shoals:1 | Acquired 842 gold pieces
 38229 | Depths:1 | Entered Level 1 of the Depths
 38246 | Depths:1 | Reached skill level 21 in Invocations
 38357 | Depths:1 | Found Xiamisk's Antique Armour Boutique.
 38620 | Depths:1 | Found a one-way gateway to a ziggurat.
 38717 | Depths:1 | Reached skill level 1 in Dodging
 39004 | Depths:1 | Reached XP level 20. HP: 92/110 MP: 33/35
 39330 | Depths:1 | Found a gateway to Hell.
 39330 | Depths:1 | Noticed a hellephant
 39330 | Depths:1 | Noticed a hellephant
 39930 | Depths:2 | Found a one-way gate leading to the halls of Pandemonium.
 41018 | Depths:3 | You fall into a shaft and drop 1 floor!
 41018 | Depths:4 | Entered Level 4 of the Depths
 41075 | Depths:4 | Noticed a golden dragon
 41107 | Depths:4 | Killed a golden dragon
 41263 | Depths:4 | Reached skill level 5 in Dodging
 41739 | Depths:3 | Reached skill level 22 in Invocations
 41989 | Depths:3 | Found a runed translucent door.
 42096 | Depths:3 | Noticed a caustic shrike
 42119 | Depths:3 | Reached XP level 21. HP: 96/115 MP: 37/37
 42120 | Depths:3 | Killed a caustic shrike
 42436 | Depths:3 | Noticed a caustic shrike
 42436 | Depths:3 | Noticed a caustic shrike
 42440 | Depths:3 | Noticed a caustic shrike
 42442 | Depths:3 | Noticed a caustic shrike
 42453 | Depths:3 | Killed a caustic shrike
 42454 | Depths:3 | Killed a caustic shrike
 42455 | Depths:3 | Killed a caustic shrike
 42457 | Depths:3 | Killed a caustic shrike
 42646 | Depths:3 | Found an opulent altar of Gozag.
 42739 | Depths:3 | Identified the +7 whip "Lueruiwo" {venom, Int+5}
 43310 | Depths:4 | Gained mutation: You occasionally shout uncontrollably at
                  | your foes. [a neqoxec]
 43587 | Depths:4 | Reached skill level 15 in Fighting
 44131 | Depths:4 | Noticed a golden dragon
 44131 | Depths:4 | Noticed a golden dragon
 44340 | Depths:4 | Reached XP level 22. HP: 107/123 MP: 31/38
 44359 | Depths:4 | Found a gate to the Realm of Zot.
 44390 | Depths:4 | Killed a golden dragon
 44427 | Depths:4 | Killed a golden dragon
 44638 | Depths:4 | Noticed a golden dragon
 44650 | Depths:4 | Killed a golden dragon
 44686 | Depths:4 | Noticed a golden dragon
 44699 | Depths:4 | Killed a golden dragon
 44769 | Depths:4 | Noticed a golden dragon
 44809 | Depths:4 | Killed a golden dragon
 45416 | Shoals:2 | Reached skill level 15 in Armour
 45951 | Shoals:3 | Found a large runed translucent door.
 45951 | Shoals:3 | Found a large runed translucent door.
 45957 | Shoals:3 | Noticed anonymous's ghost (adept MiGl)
 46261 | Shoals:4 | Entered Level 4 of the Shoals
 46308 | Shoals:4 | Identified the +1 cloak "Gotug" {Str+2}
 46357 | Shoals:4 | Identified the +12 plate armour "Zuqai" {Rampage rC+ Str-3}
 46509 | Shoals:4 | Found a runed translucent gate.
 46509 | Shoals:4 | Found a runed translucent gate.
 46510 | Shoals:4 | Found a runed translucent gate.
 46580 | Shoals:4 | Reached skill level 10 in Dodging
 46908 | Shoals:4 | Got a barnacled rune of Zot
 47044 | Shoals:4 | Identified the +9 war axe "Newtslayer" {venom, Int+4 Dex+2}
 48009 | Vaults:1 | Entered Level 1 of the Vaults
 48688 | Vaults:1 | Reached XP level 23. HP: 114/128 MP: 39/39
 49820 | Vaults:2 | Reached skill level 15 in Stealth
 50151 | Vaults:2 | Noticed Saint Roka
 50152 | Vaults:2 | Killed Saint Roka
 50516 | Vaults:2 | Found Yggubbub's Jewellery Emporium.
 50815 | Vaults:3 | Reached skill level 23 in Invocations
 51028 | Vaults:3 | Identified the +0 plate armour of the Vanishing Emperors
                  | {+Inv rC+}
 51418 | Vaults:3 | Noticed a golden dragon
 51436 | Vaults:3 | Killed a golden dragon
 51437 | Vaults:3 | Reached skill level 24 in Invocations
 51584 | Vaults:3 | Found a staircase to the Crypt.
 51885 | Vaults:3 | Reached XP level 24. HP: 133/133 MP: 40/40
 52692 | Vaults:4 | Reached skill level 25 in Invocations
 53029 | Vaults:4 | Found Ysut Roqazo's Armour Shop.
 53519 | Vaults:5 | Entered Level 5 of the Vaults
 53554 | Vaults:5 | Reached skill level 26 in Invocations
 54201 | Vaults:5 | Noticed a dread lich
 54211 | Vaults:5 | Killed a dread lich
 54396 | Vaults:5 | Noticed an ancient lich
 54414 | Vaults:5 | Killed an ancient lich
 54415 | Vaults:5 | Reached XP level 25. HP: 136/137 MP: 41/41
 54423 | Vaults:5 | Reached skill level 27 in Invocations
 54540 | Vaults:5 | Got Zameam's Reference Book on Black Rites
 54541 | Vaults:5 | Identified the +1 hunting sling "Lifebane" {freeze, Dex+2}
 54584 | Vaults:5 | Identified the +4 leather armour "Winneut" {rPois rF-
                  | Will++}
 54595 | Vaults:5 | Identified the +5 scale mail of Facs {Will- Regen+ Dex+5}
 54609 | Vaults:5 | Got a silver rune of Zot
 54656 | Vaults:5 | Noticed an ancient lich
 54681 | Vaults:5 | Killed an ancient lich
 54888 | Vaults:5 | Identified the +0 pair of boots of Distant Worlds {Harm
                  | rElec rF+ Will+}
 55345 | Vaults:5 | Found Iroull's Magic Scroll Emporium.
 55353 | Vaults:5 | Bought a scroll of teleportation for 63 gold pieces
 55353 | Vaults:5 | Bought a scroll of blinking for 157 gold pieces
 55353 | Vaults:5 | Bought a scroll of teleportation for 63 gold pieces
 55356 | Vaults:5 | Got Zucof's Incunabulum of the Blaze and Conjuration
 56110 | Zot:1    | Entered Level 1 of the Realm of Zot
 56369 | Zot:1    | You fall into a shaft and drop 1 floor!
 56636 | Zot:1    | Identified the ring of Gam Syol {Ice rPois SInv}
 56636 | Zot:1    | Noticed Josephina
 56658 | Zot:1    | Killed Josephina
 57300 | Zot:2    | Reached XP level 26. HP: 136/149 MP: 41/41
 58989 | Zot:3    | Gained mutation: You are frail. (-10% HP) [mutagenic glow]
 59015 | Zot:3    | Gained mutation: You have hidden genetic defects.
                  | [mutagenic glow]
 59635 | Zot:4    | Noticed a Killer Klown
 59669 | Zot:4    | Noticed a Killer Klown
 59686 | Zot:4    | Killed a Killer Klown
 59864 | Zot:4    | Gained mutation: Your body sometimes deteriorates upon
                  | taking damage. [hidden defects]
 60256 | Orc:2    | Bought a scroll of teleportation for 42 gold pieces
 60485 | D:4      | Killed Samael12321's ghost
 61015 | Zot:4    | Found a large runed translucent door.
 61015 | Zot:4    | Noticed a Killer Klown
 61015 | Zot:4    | Identified the +5 longbow "Uhaixi Nahoi" {vorpal, Dex+3}
 61029 | Zot:4    | Killed a Killer Klown
 61030 | Zot:4    | Found a large runed translucent door.
 61031 | Zot:4    | Found a large runed translucent door.
 61031 | Zot:4    | Found a shimmering altar of Xom.
 61031 | Zot:4    | Noticed a Killer Klown
 61055 | Zot:4    | Killed a Killer Klown
 61055 | Zot:4    | Killed a Killer Klown
 61065 | Zot:4    | Found a large runed translucent door.
 61065 | Zot:4    | Found a large runed translucent door.
 61065 | Zot:4    | Found a large runed translucent door.
 61066 | Zot:4    | Found a large runed translucent door.
 61066 | Zot:4    | Noticed a Killer Klown
 61067 | Zot:4    | Identified the +0 ring mail "Rexeruiv" {rC+ rN+}
 61067 | Zot:4    | Found a large runed translucent door.
 61067 | Zot:4    | Noticed a Killer Klown
 61067 | Zot:4    | Noticed a Killer Klown
 61087 | Zot:4    | Killed a Killer Klown
 61108 | Zot:4    | Killed a Killer Klown
 61159 | Zot:4    | Identified the +0 chain mail of Dishonesty {rN+ Will+
                  | Regen+ Slay-4}
 61193 | Zot:4    | Killed a Killer Klown
 61200 | Zot:4    | Identified the +7 great mace of Puasamn {chaos, *Rage rElec
                  | Int+7 Stlth+}
 61345 | Zot:4    | Gained mutation: You are very frail. (-20% HP) [hidden
                  | defects]
 61345 | Zot:4    | Lost mutation: You have hidden genetic defects. [hidden
                  | defects expressed]
 61346 | Zot:4    | Lost mutation: Your body sometimes deteriorates upon taking
                  | damage. [potion of mutation]
 61346 | Zot:4    | Lost mutation: You occasionally shout uncontrollably at
                  | your foes. [potion of mutation]
 61346 | Zot:4    | Gained mutation: You occasionally shout uncontrollably at
                  | your foes. [potion of mutation]
 61346 | Zot:4    | Lost mutation: You are very dopey. (Int -4) [potion of
                  | mutation]
 61346 | Zot:4    | Gained mutation: You passively dampen the noise of your
                  | surroundings. [potion of mutation]
 61346 | Zot:4    | Gained mutation: Your system is resistant to poisons.
                  | (rPois) [potion of mutation]
 61347 | Zot:4    | Lost mutation: You passively dampen the noise of your
                  | surroundings. [potion of mutation]
 61347 | Zot:4    | Lost mutation: You are dopey. (Int -2) [potion of mutation]
 61347 | Zot:4    | Gained mutation: Your spells are a little easier to cast,
                  | but a little less powerful. [potion of mutation]
 61347 | Zot:4    | Gained mutation: You tend to lose your temper in combat.
                  | [potion of mutation]
 61347 | Zot:4    | Gained mutation: You have a pair of small horns on your
                  | head. [potion of mutation]
 61348 | Zot:4    | Lost mutation: You tend to lose your temper in combat.
                  | [potion of mutation]
 61348 | Zot:4    | Lost mutation: Your system is resistant to poisons. (rPois)
                  | [potion of mutation]
 61348 | Zot:4    | Lost mutation: You have a pair of small horns on your head.
                  | [potion of mutation]
 61348 | Zot:4    | Gained mutation: You expend magic power (3 MP) to
                  | strengthen your wands. [potion of mutation]
 61349 | Zot:4    | Lost mutation: You occasionally shout uncontrollably at
                  | your foes. [potion of mutation]
 61349 | Zot:4    | Lost mutation: You are very frail. (-20% HP) [potion of
                  | mutation]
 61349 | Zot:4    | Lost mutation: You are frail. (-10% HP) [potion of
                  | mutation]
 61349 | Zot:4    | Gained mutation: You are resistant to electric shocks.
                  | (rElec) [potion of mutation]
 62026 | Zot:4    | Reached XP level 27. HP: 163/163 MP: 41/41
 62427 | Zot:5    | Entered Level 5 of the Realm of Zot
 62750 | Zot:5    | Noticed an orb of fire
 62768 | Zot:5    | Killed an orb of fire
 63023 | Zot:5    | Noticed an ancient lich
 63043 | Zot:5    | Killed an ancient lich
 63047 | Zot:5    | Noticed an ancient lich
 63068 | Zot:5    | Killed an ancient lich
 63254 | Zot:5    | Noticed an orb of fire
 63256 | Zot:5    | Killed an orb of fire
 63266 | Zot:5    | Noticed a dread lich
 63334 | Zot:5    | Killed a dread lich
 63788 | Zot:5    | Got the Orb of Zot
 64060 | Depths:1 | Noticed Wabutis the pandemonium lord
 64297 | D:7      | Gained mutation: Your magical capacity is low. (-10% MP) [a
                  | cacodemon]
 64394 | D:2      | Noticed Haih the pandemonium lord
 64437 | D:$      | Escaped with the Orb!

Illustrated notes

Levels and vault maps discovered:
D:1:      evilmike_arrival_hilbert_curve, layout_basic, item_on_display_a
D:2:      layout_loops_ring, chequers_ecumenical_altar_twisty, basic_altar,
          uniq_robin, uniq_natasha
D:3:      layout_loops_ring, uniq_jessica
D:4:      layout_basic, mainiacjoe_overflow_concentric_impassable,
          gammafunk_ghost_mausoleum, uniq_sigmund
D:5:      lemuel_insect_pit, layout_loops_ring,
          nemelex_xobeh_ov_fountains_minmay, lemuel_tele_altar,
          minmay_checkerbox, uniq_blork_the_orc, uniq_menkaure
D:6:      layout_basic, minmay_temple_entry_glass, cheibrodos_sewer_entry_drain
D:7:      layout_basic, kennysheep_mini, chequers_serial_rivers_large_a,
          st_stairs_5, nicolae_shop_overcharged_wands
D:8:      layout_basic, bloody_makhleb, mainiacjoe_overflow_paths,
          mainiacjoe_overflow_catwalk, uniq_joseph, uniq_pikel
D:9:      layout_basic, nzn_wu_jian_council_hall
D:10:     layout_roguey, nicolae_elyvilon_peaceful_grove,
          minmay_lair_entry_grove, orc_0_dummy, hellmonk_ghost_big_iron,
          serial_bayou_pond_d, minivault_4, minmay_orc_keep
D:11:     layout_irregular_city
D:12:     minmay_chambers_of_sevens, layout_basic,
          nrook_guardian_serpent_double, uniq_nessos, uniq_kirke
D:13:     minmay_isolated_rectangles_in_corner, layout_grid_maze,
          skrybe_vaults_entry_preservation, hangedman_feature_mirror,
          minmay_strange_pillars, kennysheep_generic_room_8
D:14:     minmay_two_paths, layout_irregular_city, minmay_misc_feat_cross,
          grunt_decor_cap, uniq_rupert
D:15:     hangedman_depths_entry_civil_slaughter, layout_long_grid,
          serial_shops, bzr_entry_safe, patterned_corridor
Temple:   cyrus_circular_temple
Lair:1:   beast_lair_carwin_large_4, layout_regular_city, uniq_maggie
Lair:2:   layout_cave_pods, minmay_shoals_entry_centaurs, basic_altar,
          serial_bayou_shore_b
Lair:3:   layout_cave_pods
Lair:4:   layout_cave_pods, minmay_snake_entry_guardpost_small,
          cheibrodos_lair_reptile_den, grunt_megastairs_3,
          infiniplex_staircase_pool
Lair:5:   layout_regular_city, dpeg_slime_entry_enclosed_altar
Lair:6:   minmay_lair_end_enchanted_forest, layout_concentric_octagons,
          serial_bayou_shore_a
Shoals:1: layout_shoals, serial_shops, nicolae_shop_competitors_out_of_business
Shoals:2: layout_shoals, minmay_shop_mayhem,
          nicolae_shoals_nymph_descending_staircase
Shoals:3: layout_shoals, ebering_ghost_disaster_area
Shoals:4: shoals_end_grunt_ice, layout_shoals, nicolae_shoals_beach_cooler
Snake:1:  layout_layer_cave, gammafunk_ghost_abyssal_escape, serial_shops, shop,
          uniq_frances
Snake:2:  layout_onion_interference, nicolae_snake_gridmaze_swirls,
          lightli_airlock
Snake:3:  layout_honeycomb
Snake:4:  snake_pit, layout_chambers, grunt_megastairs_2, uniq_aizul
Orc:1:    layout_caves, portal_ice_cave_entry_pillars_2, uniq_snorg
Orc:2:    pubby_orc_utopia, uniq_maurice
Elf:1:    nicolae_elf_arrival_no_cutting_in_line, layout_geoelf_diagonals,
          serial_shops, nicolae_shop_competitors_out_of_business,
          serial_corexii_hall, chequers_hall_statues_corner_a,
          corexii_hall_statues_i, hangedman_elven_crosses_minicolossus,
          grunt_ministairs_8, minmay_strange_pillars, minivault_27
Elf:2:    elven_hall_of_blades_hangedman_alternative [nicolae_blade_lattice],
          layout_geoelf_octagon, serial_shops, shop
Elf:3:    elf_hall, layout_loops_corners
Vaults:1: nicolae_vaults_network_square, st_lines, hangedman_vaults_restitches,
          ontoclasm_vaults_tryst, v_misc_14, nicolae_vaults_little_squares_5,
          nicolae_vaults_theta, nicolae_vaults_little_squares_4,
          layout_vaults_chaotic_city
Vaults:2: v_alt_pattern_4, vaults_room_fancy_cross, v_pattern_5, v_misc_15,
          vaults_room_grid, grunt_vaults_twisty, v_misc_30,
          nicolae_vaults_circle_grid_a, ontoclasm_vaults_twist,
          vaults_room_corners, layout_vaults_omnicross, serial_shops, shop,
          uniq_saint_roka
Vaults:3: nicolae_vaults_network_quinsquares
          [nicolae_vaults_network_quincunx_subvault,
          nicolae_vaults_network_quincunx_subvault,
          nicolae_vaults_network_quincunx_subvault,
          nicolae_vaults_network_quincunx_subvault],
          nicolae_vaults_shelves_hall, vaults_dpeg_ring,
          nicolae_vaults_quartermaster, vaults_standard_mumra_x,
          vaults_room_fours, nicolae_vaults_little_squares_5,
          nicolae_vaults_mini_display_case, ontoclasm_vaults_claustrophobia,
          minmay_crypt_entry_simple_sparse, dpeg_vaults_monster_box,
          hangedman_vaults_capsules, nicolae_vaults_asterisk,
          layout_vaults_omnibox, uniq_margery
Vaults:4: nicolae_vaults_little_squares_4, v_pattern_4,
          ontoclasm_vaults_ligature, vaults_dpeg_diagonal, v_rooms_1, v_misc_12,
          nicolae_vaults_little_squares_6, nicolae_vaults_know_your_exits,
          vaults_room_door_hall, hangedman_vaults_maws,
          layout_vaults_maze_snakey, serial_shops, nicolae_shop_hallway_stairs
Vaults:5: serial_shops
Depths:1: layout_gridlike, ziggurat_fallback, grunt_hell_horde, serial_shops,
          shop, hangedman_cracks_in_the_wall
Depths:2: constructs_gauntlet_mu_hangedman, layout_cave_pools, hellmouth_1,
          hangedman_abyss_or_decor_lesser_grid, rand_demon_pan_entry_4,
          minmay_staircase_statues
Depths:3: minmay_the_grid_triangle_9x9_line_8_mashed
          [minmay_the_grid_triangle_9x9_swiss_cheese,
          minmay_the_grid_triangle_9x9_subtriangle,
          minmay_the_grid_triangle_9x9_pentomino_pain,
          minmay_the_grid_triangle_9x9_sprig,
          minmay_the_grid_triangle_9x9_descending_squares,
          minmay_the_grid_triangle_9x9_wacky_v,
          minmay_the_grid_triangle_9x9_from_above,
          minmay_the_grid_triangle_9x9_prize_top_heavy], layout_basic,
          rand_demon_pan_entry_3, lemuel_coloured_pillars_altar,
          pf_hell_entry_tar_river, abyss_entry_small_statue_room
Depths:4: lemuel_castle_with_subvaults [lemuel_castle_interior_carwin_3],
          layout_cave_pools, nicolae_concentric_dashed_squares_wild,
          grunt_pan_entry_in_and_out, hell_entry, minmay_misc_feat_tower,
          serial_bayou_shore_b
Zot:1:    layout_twisted_circle, uniq_josephina
Zot:2:    layout_cathedral_of_symmetry
Zot:3:    kennysheep_blocky_room, layout_onion, grunt_ministairs_14,
          bh_zot_lava_cross, hangedman_zot_wheel_spokes
Zot:4:    layout_cathedral_of_symmetry, grunt_ministairs_9,
          hangedman_xom_zot_hilarity
Zot:5:    layout_basic

Skill      XL: |  1  2  3  4  5  6  7  8  9 10 11 12 13 14 15 16 17 18 19 20 21 22 23 24 25 26 27 |
---------------+----------------------------------------------------------------------------------+-----
Short Blades   | 2 3 4 5 6 8 10 12 13 14 | 14.0
Invocations    | 2 7 11 15 16 17 19 20 21 22 24 26 27 | 27.0
Fighting       | 3 5 6 8 10 12 13 14 15 16 19 22 25 | 25.2
Shields        | 3 5 13 14 | 14.0
Armour         | 5 6 7 11 12 13 14 15 16 | 16.0
Stealth        | 3 8 12 14 16 | 16.0
Dodging        | 1 6 8 10 | 10.0

Action                   |  1- 3 |  4- 6 |  7- 9 | 10-12 | 13-15 | 16-18 | 19-21 | 22-24 | 25-27 || total
-------------------------+-------+-------+-------+-------+-------+-------+-------+-------+-------++-------
Melee: Rapier            |    72 |   187 |       |       |   170 |  1453 |   601 |       |       ||  2483
       Bite              |    18 |    54 |   150 |   378 |   760 |   599 |   896 |   971 |   906 ||  4732
       Short sword       |       |     4 |   438 |   989 |  1518 |       |       |       |       ||  2949
       Dagger            |       |       |       |       |    92 |       |       |       |       ||    92
       Quick blade       |       |       |       |       |       |       |  1134 |  1696 |  1541 ||  4371
Throw: Stone             |     2 |     2 |       |       |       |     1 |    24 |       |     4 ||    33
       Dart              |       |       |       |       |       |     1 |       |       |       ||     1
Invok: Line Pass         |       |       |       |    16 |    38 |    27 |    53 |    56 |    73 ||   263
       Stomp             |       |       |       |    15 |    17 |     9 |     2 |    19 |     5 ||    67
       Grand Finale      |       |       |       |     1 |     2 |     4 |     7 |    17 |    10 ||    41
Evoke: Wand              |       |     7 |       |       |     4 |       |     1 |       |       ||    12
  Use: Potion            |       |     1 |     1 |     3 |     1 |     2 |     1 |     2 |    10 ||    21
       Scroll            |       |       |       |    14 |     9 |    15 |    24 |     7 |     9 ||    78
 Stab: Paralysed         |       |       |     3 |    31 |   100 |    91 |   105 |   152 |   115 ||   597
       Confused          |       |       |       |    11 |    34 |    22 |    65 |    77 |    90 ||   299
       Sleeping          |       |       |       |       |       |     8 |     5 |     6 |     3 ||    22
       Distracted        |       |       |       |       |       |     1 |     1 |       |     2 ||     4
       Petrified         |       |       |       |       |       |       |     1 |       |       ||     1
Armor: Scale mail        |    20 |    66 |   156 |   202 |       |       |       |       |       ||   444
       Plate armour      |       |       |       |    89 |   511 |   430 |   274 |       |       ||  1304
       Chain mail        |       |       |       |       |   167 |       |       |       |       ||   167
       Gold dragon scale |       |       |       |       |       |       |   127 |   368 |   357 ||   852
Dodge: Dodged            |    20 |    64 |    95 |   169 |   271 |   228 |   191 |   421 |   400 ||  1859
Block: Buckler           |    13 |    39 |   100 |   232 |   413 |   134 |       |       |       ||   931
       Kite shield       |       |       |       |       |       |   298 |   592 |   665 |   465 ||  2020
       Reflection        |       |       |       |       |       |    43 |    23 |    84 |     9 ||   159

Table legend: (Time is in decaauts)
 A = Elapsed time spent in this place.
 B = Non-inter-level travel time spent in this place.
 C = Inter-level travel time spent in this place.
 D = Time resting spent in this place.
 E = Time spent auto-exploring this place.
 F = Levels seen in this place.
 G = Mean time per level.
                   A        B        C        D        E       F      G
               +--------+--------+--------+--------+--------+-----+--------+
         Total |  59925 |  53340 |   6585 |   3144 |  28833 |  51 | 1175.0 |
       Dungeon |  15897 |  13250 |   2647 |    510 |   8931 |  15 | 1059.8 |
        Temple |     37 |     21 |     16 |      0 |      6 |   1 |   37.0 |
          Lair |   6832 |   5975 |    857 |    216 |   4127 |   6 | 1138.7 |
        Shoals |   3759 |   3439 |    320 |    273 |    390 |   4 |  939.8 |
     Snake Pit |   5180 |   4753 |    427 |     86 |   2791 |   4 | 1295.0 |
  Orcish Mines |   3148 |   2648 |    500 |     93 |   1183 |   2 | 1574.0 |
   Elven Halls |   5141 |   4611 |    530 |    538 |   1946 |   3 | 1713.7 |
        Vaults |   7012 |   6607 |    405 |    325 |   3903 |   5 | 1402.4 |
        Depths |   6354 |   5802 |    552 |    396 |   2643 |   4 | 1588.5 |
           Zot |   6269 |   5941 |    328 |    706 |   2864 |   5 | 1253.8 |
        Bazaar |    201 |    201 |      0 |      0 |      0 |   1 |  201.0 |
         Sewer |     88 |     88 |      0 |      0 |     47 |   1 |   88.0 |
               +--------+--------+--------+--------+--------+-----+--------+

Top non-repeatable levels by time:
   Orc:2: 2281 daAuts
Depths:4: 2153 daAuts
   Elf:3: 1988 daAuts
    D:10: 1792 daAuts
 Snake:4: 1790 daAuts
   Elf:2: 1720 daAuts
   Zot:4: 1682 daAuts
Vaults:5: 1648 daAuts
Depths:3: 1622 daAuts
Vaults:1: 1556 daAuts
   Elf:1: 1432 daAuts
Vaults:3: 1419 daAuts
 Snake:1: 1381 daAuts
    D:13: 1355 daAuts
  Lair:4: 1352 daAuts
